 Dungeon Crawl Stone Soup version 0.31-a0-251-gdc1e01ee57 (webtiles) character file.

Game seed: 7217445193930895570

639 qw the Shooter (level 7, 0/59 HPs)
             Began as a Minotaur Hexslinger on July 12, 2023.
             Slain by a gnoll
             ... wielding a +0 flail
             ... led by a gnoll bouda
              (5 damage)
             ... on level 5 of the Dungeon.
             The game lasted 00:01:32 (3173 turns).

qw the Shooter (Minotaur Hexslinger)                Turns: 3173, Time: 00:01:32

Health: 0/59       AC: 11    Str: 13    XL:     7   Next: 25%
Magic:  7/7        EV: 12    Int: 10    God:
Gold:   182        SH:  0    Dex: 20    Spells: 7/8 levels left

rFire   . . .        k - +0 shortbow
rCold   . . .        (shield currently unavailable)
rNeg    . . .        c - +0 ring mail
rPois   .            (helmet restricted)
rElec   .            (no cloak)
rCorr   .            g - +1 pair of gloves
SInv    .            (no boots)
Will    .....        n - amulet of regeneration
Stlth   +            f - +6 ring of dexterity
HPRegen 1.09/turn    j - +4 ring of protection
MPRegen 0.10/turn

%: no passive effects
@: weakened
A: horns 2, retaliatory headbutt
a: no special abilities


You were on level 5 of the Dungeon.
You visited 1 branch of the dungeon, and saw 5 of its levels.

You collected 248 gold pieces.
You spent 66 gold pieces at shops.


Innate Abilities, Weirdness & Mutations

You have a pair of horns on your head.
You reflexively headbutt those who attack you in melee.


   Skills:
 - Level 4.2 Fighting
 + Level 7.5 Ranged Weapons
 - Level 1.6 Armour
 - Level 3.0 Dodging
 - Level 1.0 Spellcasting
 - Level 2.0 Hexes


You had 7 spell levels left.
You knew the following spells:

 Your Spells              Type           Power      Damage    Failure   Level
a - Slow                  Hex            16%        N/A       32%         1

Your spell library contained the following spells:

 Spells                   Type           Power      Damage    Failure   Level
 Inner Flame              Hex/Fire       2%         N/A       82%         3
 Portal Projectile        Hex/Tloc       4%         N/A       82%         3
 Cause Fear               Hex            2%         N/A       97%         4

Inventory:

Hand Weapons
 k - a +0 shortbow (weapon)
Armour
 c - a +0 ring mail (worn)
 g - a +1 pair of gloves (worn)
Jewellery
 f - a +6 ring of dexterity (left hand)
 j - a +4 ring of protection (right hand)
 n - an amulet of regeneration (around neck)
Scrolls
 b - a scroll of identify
Potions
 d - 2 potions of enlightenment
 e - a potion of might
 i - a potion of curing
 l - a potion of resistance
 m - 2 potions of cancellation

Dungeon Overview and Level Annotations

Branches:
Dungeon (5/15)
 Temple: D:4-7

Altars:

Shops:
D:2 *   D:3 (

Annotations:
D:2 1 runed translucent door, Crazy Yiuf


Message History

The gnoll closely misses you. The gnoll hits you but does no damage.
You shoot an arrow. The arrow barely misses the phantom.
The phantom barely misses you. You furiously retaliate!
You headbutt the phantom! The gnoll bouda closely misses you.
The gnoll closely misses you. The gnoll hits you but does no damage.
The gnoll bouda gazes fiercely through you!
You feel your attacks grow feeble.
The gnoll bouda hits you with a +0 club.
The phantom hits you.
You shoot an arrow. The arrow hits the phantom!
You destroy the phantom!
The gnoll hits you from afar with a +0 spear.
The gnoll hits you but does no damage. The gnoll hits you with a +0 flail.
The gnoll bouda misses you.
The gnoll hits you from afar with a +0 spear.
You shoot an arrow.
The arrow hits the gnoll bouda but does no damage.
The gnoll hits you with a +0 club. The gnoll barely misses you.
The gnoll bouda closely misses you. You furiously retaliate!
You headbutt the gnoll bouda, but do no damage.
The gnoll hits you but does no damage. The gnoll completely misses you.
You furiously retaliate!
You headbutt the gnoll. You shoot an arrow. The arrow hits the gnoll.
The gnoll is severely wounded.
The gnoll hits you with a +0 flail.
The gnoll bouda hits you with a +0 club.
The gnoll hits you from afar with a +0 spear!
The gnoll hits you with a +0 club.
You shoot an arrow.
The arrow hits the gnoll but does no damage.
The gnoll is severely wounded.
The gnoll hits you with a +0 flail.
The gnoll bouda hits you but does no damage.
The gnoll barely misses you. The gnoll hits you but does no damage.
You shoot an arrow. The arrow hits the gnoll!
You kill the gnoll!
The gnoll barely misses you. You furiously retaliate!
You headbutt the gnoll.
The gnoll bouda hits you with a +0 club.
The gnoll closely misses you. The gnoll hits you with a +0 flail.
You die...

# .. # ... .##
.. #. .... ..:.
... #.
.....#####..###
.....##.
.....g.........
........ #g@##
.#......
......)g...#
##.##.....
.....#..%..# #..
.#... ....
..###.####.#
..## .?. ..#
#.).##.#####.##
.. ..#
###)..........#
. ...
####......).#
....
######.......<#
................


You could see a gnoll bouda and 2 gnolls.

Vanquished Creatures
  A phantom (D:5)
  A scorpion (D:4)
  4 killer bees (D:5)
  A hound (D:4)
  3 orc wizards (D:5)
  An iguana (D:5)
  6 adders
  3 gnolls (D:5)
  An ufetubus (D:5)
  4 worms
  A dart slug (D:2)
  7 orcs
  12 endoplasms
  2 giant cockroaches
  11 goblins
  7 hobgoblins
  6 jackals
  5 quokkas
  A ball python (D:1)
  8 bats
  3 frilled lizards
  6 kobolds
  11 rats
105 creatures vanquished.

Notes
Turn   | Place    | Note
-------+----------+-------------------------------------------
     0 | D:1      | qw the Minotaur Hexslinger began the quest for the Orb.
     0 | D:1      | Reached XP level 1. HP: 16/16 MP: 1/1
     0 | D:1      | 0 ||| qw: Version: 0.3-a-52-g30416fa
     0 | D:1      | 0 ||| qw: Game counter: 6589
     0 | D:1      | 0 ||| qw: Melee chars always use a shield: true
     0 | D:1      | 0 ||| qw: God list: Okawaru
     0 | D:1      | 0 ||| qw: Allow faded altars: false
     0 | D:1      | 0 ||| qw: Do Orc after clearing Dungeon:15 true
     0 | D:1      | 0 ||| qw: Do second Lair branch before Depths: true
     0 | D:1      | 0 ||| qw: Lair rune preference: random
     0 | D:1      | 0 ||| qw: Goals: Normal
     0 | D:1      | 0 ||| PLANNING D:1-11
   155 | D:1      | Reached skill level 3 in Ranged Weapons
   173 | D:1      | Reached XP level 2. HP: 23/23 MP: 2/2
   487 | D:1      | Reached XP level 3. HP: 28/29 MP: 3/3
   520 | D:1      | 520 ||| READING scroll labelled ATHOIH BISU.
   573 | D:1      | 573 ||| READING scroll labelled FURAREA JOAHI.
   674 | D:1      | 674 ||| READING scroll labelled OTSAB ILAONGA.
   675 | D:1      | 675 ||| READING scroll labelled MULORI BOLANU.
   676 | D:1      | 676 ||| READING scroll labelled KOMEQE FAJONE.
   677 | D:1      | 677 ||| DROPPING scroll of poison.
   784 | D:2      | Reached skill level 4 in Ranged Weapons
   857 | D:2      | Found a faded altar of an unknown god.
   867 | D:2      | Found a runed translucent door.
   868 | D:2      | Noticed Crazy Yiuf
  1005 | D:2      | Found Bahiodez's General Store.
  1013 | D:2      | 1013 ||| BUYING potion of curing (33 gold).
  1013 | D:2      | Bought a potion of curing for 33 gold pieces
  1013 | D:2      | 1013 ||| SHOPLISTING scroll of enchant weapon (82 gold,
                  | have 49).
  1182 | D:2      | Reached XP level 4. HP: 32/36 MP: 4/4
  1582 | D:2      | 1582 ||| UPGRADING to +0 pair of gloves.
  1587 | D:2      | 1587 ||| UPGRADING to +4 ring of protection.
  1588 | D:2      | 1588 ||| UPGRADING to ring of positive energy.
  1589 | D:2      | 1589 ||| READING scroll labelled KEHIRIASUV.
  1590 | D:2      | 1590 ||| READING scroll labelled KUCUGGARUSH.
  1591 | D:2      | 1591 ||| DRINKING 2 clear potions.
  1592 | D:2      | 1592 ||| DRINKING 2 smoky puce potions.
  1593 | D:2      | 1593 ||| READING 4 scrolls of identify.
  1593 | D:2      | 1593 ||| IDENTIFYING puce potion
  1594 | D:2      | 1594 ||| READING 3 scrolls of identify.
  1594 | D:2      | 1594 ||| IDENTIFYING red potion
  1595 | D:2      | 1595 ||| DROPPING potion of attraction.
  1596 | D:2      | 1596 ||| DROPPING potion of degeneration.
  1817 | D:3      | Found Lymo's Weapon Emporium.
  1826 | D:3      | 1826 ||| BUYING +0 shortbow (33 gold).
  1826 | D:3      | Bought a +0 shortbow for 33 gold pieces
  1826 | D:3      | 1826 ||| SWAPPING to +0 shortbow.
  1827 | D:3      | 1827 ||| DROPPING +2 sling.
  1909 | D:3      | Reached skill level 5 in Ranged Weapons
  2215 | D:3      | 2215 ||| UPGRADING to +0 leather armour.
  2225 | D:3      | 2225 ||| DROPPING +0 robe.
  2226 | D:3      | 2226 ||| UPGRADING to +1 pair of gloves.
  2236 | D:3      | 2236 ||| DROPPING +0 pair of gloves.
  2237 | D:3      | 2237 ||| UPGRADING to +6 ring of dexterity.
  2239 | D:3      | 2239 ||| UPGRADING to +4 ring of protection.
  2241 | D:3      | 2241 ||| DROPPING ring of positive energy.
  2242 | D:3      | 2242 ||| READING 3 scrolls of identify.
  2242 | D:3      | 2242 ||| IDENTIFYING grey potion
  2320 | D:4      | Noticed a scorpion
  2331 | D:4      | Killed a scorpion
  2332 | D:4      | Reached skill level 3 in Fighting
  2332 | D:4      | Reached XP level 5. HP: 38/46 MP: 5/5
  2933 | D:4      | Identified the +4 falchion "Quanlot" {venom, rF+ Int+4}
  2934 | D:4      | 2934 ||| UPGRADING to +0 ring mail.
  2944 | D:4      | 2944 ||| DROPPING +0 leather armour.
  2945 | D:4      | 2945 ||| UPGRADING to amulet of regeneration.
  2950 | D:4      | 2950 ||| DROPPING ring of flight.
  2951 | D:4      | 2951 ||| READING 2 scrolls of identify.
  2951 | D:4      | 2951 ||| IDENTIFYING murky blue potion
  2965 | D:5      | Entered Level 5 of the Dungeon
  3044 | D:5      | Reached skill level 1 in Armour
  3044 | D:5      | Reached XP level 6. HP: 46/52 MP: 6/6
  3077 | D:5      | 3077 ||| Stepping ~*~*~tactically~*~*~ (outnumbered).
  3086 | D:5      | Reached skill level 6 in Ranged Weapons
  3138 | D:5      | Reached skill level 7 in Ranged Weapons
  3143 | D:5      | Reached XP level 7. HP: 33/59 MP: 7/7
  3145 | D:5      | Reached skill level 3 in Dodging
  3171 | D:5      | HP: 14/59 [gnoll/+0 club[a gnoll bouda] (1)]
  3173 | D:5      | HP: 5/59 [gnoll bouda/+0 club (6)]
  3173 | D:5      | Slain by a gnoll

Levels and vault maps discovered:
D:1:      dpeg_arrival_subterranean_lakeside_camping, layout_rooms
D:2:      layout_basic, serial_shops, nicolae_shop_tiny_waterfront,
          basic_ecumenical_altar, minmay_pentomino_t2, uniq_crazy_yiuf_cottage
D:3:      layout_loops_ring, serial_shops, nicolae_shop_statue_plus,
          kennysheep_flooded_box
D:4:      layout_gridville
D:5:      layout_rooms, chequers_serial_rivers_room_b

Skill      XL: |  1  2  3  4  5  6  7 |
---------------+----------------------+-----
Ranged Weapons | 3 4 5 7 |  7.5
Fighting       | 2 3 4 |  4.2
Armour         | 1 |  1.6
Dodging        | 3 |  3.0
Spellcasting   | |  1.0
Hexes          | |  2.0

Action                     |  1- 3 |  4- 6 |  7- 9 || total
---------------------------+-------+-------+-------++-------
   Fire: Sling             |   148 |    33 |       ||   181
         Shortbow          |       |   135 |    31 ||   166
    Use: Scroll            |     5 |     6 |       ||    11
         Potion            |       |     2 |       ||     2
 Armour: Robe              |    15 |    11 |       ||    26
         Leather armour    |       |     9 |       ||     9
         Ring mail         |       |    19 |    19 ||    38
  Dodge: Dodged            |    43 |    61 |    29 ||   133

Table legend:
 A = Non-vault XP
 B = Vault XP
 C = Vault XP percentage of total XP
 D = Non-vault monster count
 E = Vault monster count
 F = Vault count percentage of total count
                 A         B        C        D         E       F
            +---------+---------+-------+---------+---------+-------
      Total |     913 |      14 |   1.5 |      97 |       8 |   7.6
            +---------+---------+-------+---------+---------+-------
        D:1 |      38 |       8 |  17.4 |      23 |       6 |  20.7
        D:2 |      49 |       6 |  10.9 |      20 |       2 |   9.1
        D:3 |      56 |       0 |   0.0 |      21 |       0 |   0.0
        D:4 |     194 |       0 |   0.0 |      15 |       0 |   0.0
        D:5 |     576 |       0 |   0.0 |      18 |       0 |   0.0
            +---------+---------+-------+---------+---------+-------
